 Dungeon Crawl Stone Soup version 0.21.1-1-g345015fe64 (webtiles) character file.

100 Lavandula the Digger (level 4, -2/30 HPs)
             Began as a Barachi Earth Elementalist on July 4, 2018.
             Slain by an orc
             ... wielding a +0 club
              (5 damage)
             ... on level 3 of the Dungeon.
             The game lasted 00:05:06 (615 turns).

Lavandula the Digger (Barachi Earth Elementalist)    Turns: 615, Time: 00:05:07

Health: -2/30      AC:  2    Str:  9    XL:     4   Next: 74%
Magic:  1/7        EV: 12    Int: 17    God:
Gold:   96         SH:  0    Dex: 12    Spells: 3/7 levels left

rFire    . . .     SeeInvis .   j - +0 spear
rCold    . . .     Gourm    +   (no shield)
rNeg     . . .     Faith    .   c - +0 robe
rPois    .         Spirit   .   (no helmet)
rElec    .         Reflect  .   (no cloak)
rCorr    .         Harm     .   (no gloves)
MR       +....                  (no boots)
Stlth    ++........             f - amulet of the gourmand
HPRegen  0.10/turn              p - ring of protection from magic
MPRegen  0.10/turn              m - ring of flight

@: slow
A: +LOS, swims, slowness 1, strong legs 1
a: Hop, Evoke Flight


You were on level 3 of the Dungeon.
You were not hungry.

You visited 1 branch of the dungeon, and saw 3 of its levels.

You collected 96 gold pieces.

Inventory:

Hand Weapons
 a - a +0 short sword
 h - a +0 blowgun
 j - a +0 spear (weapon)
 q - a cursed -3 trident
Missiles
 b - 25 stones (quivered)
Armour
 c - a +0 robe (worn)
 i - a +1 ring mail
 n - a +0 plate armour
Jewellery
 f - an amulet of the gourmand (around neck)
 m - a ring of flight (right hand)
 p - a ring of protection from magic (left hand)
Scrolls
 l - a scroll of remove curse
Books
 e - a book of Geomancy

   Spells                             Type                      Level
   a - Sandblast                      Earth                        1
   b - Passwall                       Transmutation/Earth          2
   c - Stone Arrow                    Conjuration/Earth            3
   d - Petrify                        Transmutation/Earth          4
   e - Lee's Rapid Deconstruction     Earth                        5
Comestibles
 d - 4 rations


   Skills:
 - Level 2.1 Dodging
 - Level 1.7 Stealth
 - Level 2.1 Spellcasting
   Level 1.1 Transmutations
 + Level 5.3 Earth Magic


You had 3 spell levels left.
You knew the following spells:

 Your Spells              Type           Power        Failure   Level  Hunger
a - Sandblast             Erth           ###...       1%          1    #......
b - Stone Arrow           Conj/Erth      ##....       19%         3    ###....


Dungeon Overview and Level Annotations

Branches:
Dungeon (3/15)

Altars:


Innate Abilities, Weirdness & Mutations

Shadows flee at your approach. (+LOS)
You can swim through water.
You cover ground slowly.
You can hop short distances.


Message History

You are ready to hop once more.
The orc hits you with a club.
* * * LOW HITPOINT WARNING * * *
You hit the orc but do no damage.
The orc is severely wounded.
The orc barely misses you.
You barely miss the orc.
The orc is severely wounded.
The orc completely misses you.
You hit the orc but do no damage.
The orc is severely wounded.
The orc hits you with a club.
* * * LOW HITPOINT WARNING * * *
You barely miss the orc.
The orc is severely wounded.
The orc misses you.
You hit the orc but do no damage.
The orc is severely wounded.
The orc hits you with a club.
You die...

#........#
#.....#..
#........#
#..#...##
#........#
#.†.#..#.
#........#
#....###.
#........#
#...#...#
#(...)...#
#..#.....
#........#
#........
#.......o#
#..#.....
#.......@#
#...#...#
##########
#....###.
#...#..#.
#..#...##
#.....#..
#....#...
#.......#
#......#.
##...[...


You could see an orc.

Vanquished Creatures
  A bullfrog skeleton (D:3)
  3 adders
  6 orcs (D:3)
  3 bats (D:3)
  6 giant cockroaches
  3 goblins
  4 hobgoblins
  3 frilled lizards
  5 kobolds
  3 rats
37 creatures vanquished.

Notes
Turn   | Place    | Note
-------+----------+-------------------------------------------
     0 | D:1      | Lavandula the Barachi Earth Elementalist began the quest for the Orb.
     0 | D:1      | Reached XP level 1. HP: 13/13 MP: 3/3
   117 | D:2      | Reached XP level 2. HP: 19/19 MP: 1/5
   218 | D:2      | Reached skill level 4 in Earth Magic
   316 | D:3      | Reached XP level 3. HP: 19/24 MP: 3/6
   484 | D:3      | Learned a level 3 spell: Stone Arrow
   507 | D:3      | Reached XP level 4. HP: 26/30 MP: 4/7
   578 | D:3      | Reached skill level 5 in Earth Magic
   615 | D:3      | Slain by an orc

Skill      XL: |  1  2  3  4 |
---------------+-------------+-----
Earth Magic    | 4 5 |  5.3
Dodging        | |  2.1
Stealth        | |  1.7
Spellcasting   | |  2.1
Transmutations | |  1.1

Action                   |  1- 3 |  4- 6 || total
-------------------------+-------+-------++-------
Melee: Unarmed           |    10 |       ||    10
       Short sword       |     1 |       ||     1
       Spear             |    22 |    21 ||    43
 Fire: Blowgun           |       |     6 ||     6
Throw: Stone             |       |     2 ||     2
 Cast: Sandblast         |    37 |    13 ||    50
 Abil: Hop               |       |     1 ||     1
  Use: Scroll            |     2 |     1 ||     3
       Potion            |       |     2 ||     2
 Stab: Sleeping          |     1 |     1 ||     2
Armor: Robe              |     6 |     2 ||     8
Dodge: Dodged            |    35 |    18 ||    53
